 Dungeon Crawl Stone Soup version 0.24.0-13-gcf9b319 (webtiles) character file.

Game seed: 17179681371005664438, levelgen mode: deterministic

107 Chaoticas the Grave Robber (level 4, -19/21 HPs)
             Began as a Vampire Necromancer on Jan 30, 2020.
             Demolished by an ogre
             ... wielding a +0 giant spiked club
              (29 damage)
             ... on level 3 of the Dungeon.
             The game lasted 00:12:35 (3306 turns).

Chaoticas the Grave Robber (Vampire Necromancer)    Turns: 3306, Time: 00:12:36

Health: -19/21     AC:  2    Str:  8    XL:     4   Next: 57%
Magic:  0/8        EV: 12    Int: 17    God:
Gold:   245        SH:  0    Dex: 14    Spells: 1/9 levels left

rFire    . . .     SeeInvis +   f - +1 dagger (speed)
rCold    + + .     Gourm    .   (no shield)
rNeg     + + +     Faith    .   a - +0 robe
rPois    ∞         Spirit   .   (no helmet)
rElec    .         Reflect  .   (no cloak)
rCorr    .         Harm     .   (no gloves)
MR       .....                  (no boots)
Stlth    ++++......             (no amulet)
HPRegen  0.00/turn              (no ring)
MPRegen  0.11/turn              (no ring)

@: bloodless, regenerating quickly
A: no food, fangs 3, see invisible, [frail 1], unbreathing
a: Bat Form, Revivify


You were on level 3 of the Dungeon.
You were bloodless.

You visited 1 branch of the dungeon, and saw 3 of its levels.

You collected 245 gold pieces.

Inventory:

Hand Weapons
 f - a +1 dagger of speed (weapon)
   (You took it off a goblin on level 1 of the Dungeon)
 g - a cursed -3 hunting sling
   (You found it on level 1 of the Dungeon)
 i - a +2 mace of crushing
   (You found it on level 1 of the Dungeon)
Missiles
 e - 2 boomerangs of dispersal {!f}
 l - 8 silver javelins (quivered)
 m - 11 poisoned darts
Armour
 a - a +0 robe (worn)
Jewellery
 n - an uncursed ring of poison resistance
   (You found it on level 2 of the Dungeon)
 r - an uncursed ring of positive energy
   (You found it on level 3 of the Dungeon)
Scrolls
 b - a scroll of fear {unknown}
 c - 3 scrolls of remove curse {@r2}
 j - 4 scrolls of identify {@r1}
 k - a scroll of magic mapping
Potions
 d - 4 potions of curing {unknown}
 h - a potion of degeneration {unknown}


   Skills:
 - Level 2.1 Dodging
 - Level 3.0 Stealth
 + Level 3.0 Spellcasting
 * Level 6.0 Necromancy


You had one spell level left.
You knew the following spells:

 Your Spells              Type           Power        Failure   Level  Hunger
a - Pain                  Necr           ###.         1%          1    N/A
e - Regeneration          Chrm/Necr      ##........   16%         3    N/A
u - Animate Dead          Necr           N/A          14%         4    N/A

Your spell library contained the following spells:

 Spells                   Type           Power        Failure   Level  Hunger
 Animate Skeleton         Necr           N/A          1%          1    N/A
 Vampiric Draining        Necr           ###.......   4%          3    N/A
 Gell's Gravitas          Tloc           #.........   45%         3    N/A
 Portal Projectile        Hex/Tloc       #.....       45%         3    N/A
 Force Lance              Conj/Tloc      #.......     86%         4    N/A
 Dispersal                Tloc           #.........   100%        6    N/A
 Controlled Blink         Tloc           N/A          100%        8    N/A
 Disjunction              Tloc           #.........   100%        8    N/A

Dungeon Overview and Level Annotations

Branches:
Dungeon (3/15)

Altars:
Trog
Uskayaw


Innate Abilities, Weirdness & Mutations

You do not eat.
You do not regenerate when monsters are visible.
You are frail without blood (-20% HP).
You can heal yourself when you bite living creatures.
You are immune to poison.
You have razor-sharp teeth.
You have supernaturally acute eyesight. (SInv)
You can survive without breathing.
[You are frail. (-10% HP)]


Message History

The helpless leopard gecko fails to defend itself.
You bite the leopard gecko, and draw its blood!
You puncture the leopard gecko!
You kill the leopard gecko!
The ogre shouts!
What are your orders? t - Shout!
Orders for allies: a - Attack new target. r - Retreat! s - Stop attacking. g - Guard the area. f - Follow me.
Anything else - Cancel.
Gang up on whom?
Aim: an ogre, wielding a +0 giant spiked club Attack!
A bat comes into view.
You hit the ogre but do no damage.
Your jackal zombie bites the ogre.
The ogre hits you with a +0 giant spiked club.
Your jackal zombie bites the ogre.
The ogre hits your jackal zombie with a +0 giant spiked club!
Your jackal zombie is destroyed!
Aim: an ogre, wielding a +0 giant spiked club (lightly wounded, chance to defeat MR: 83%)
The ogre writhes in agony.
The bat hits your jackal zombie.
Your jackal zombie bites the ogre.
Aim: an ogre, wielding a +0 giant spiked club (moderately wounded, chance to defeat MR: 83%)
The ogre writhes in agony.
Your jackal zombie bites the ogre.
Your jackal zombie closely misses the ogre.
You barely miss the ogre. The bat closely misses you.
The ogre barely misses you.
You hit the ogre. The bat hits you.
Your jackal zombie bites the ogre but does no damage.
You hit the ogre. The bat misses you.
Your jackal zombie closely misses the ogre.
The ogre closely misses you. The bat completely misses you.
Your jackal zombie closely misses the ogre.
Aim: an ogre, wielding a +0 giant spiked club (heavily wounded, chance to defeat MR: 83%)
The ogre writhes in agony.
The bat hits you but does no damage.
Your jackal zombie bites the ogre.
You barely miss the ogre. The bat barely misses you.
The ogre hits you with a +0 giant spiked club.
* * * LOW HITPOINT WARNING * * *
The bat barely misses you.
Your jackal zombie barely misses the ogre.
Aim: an ogre, wielding a +0 giant spiked club (severely wounded, chance to defeat MR: 83%)
The ogre writhes in agony.
The bat barely misses you. The bat closely misses you.
Your jackal zombie completely misses the bat.
The ogre hits you with a +0 giant spiked club!!
Ouch! That really hurt!
You die...

... ... ... #.########
#........# #........# #
+....Z...# ..
#.#.....b..###### .#
######.#.......O@......##..#
...............####.......#
###.##.#######.# #......##
##...## ..# #.....##..
#.....#############....##
...†...#..............##
..._.....########...###
.......### ##....# #.....##
......#


You could see an ogre, a bat and a friendly jackal zombie.

Vanquished Creatures
  An orc wizard (D:3)
  2 adders (D:2)
  An ooze (D:2)
  A dart slug (D:2)
  A leopard gecko (D:3)
  4 orcs (D:3)
  4 bats
  3 giant cockroaches
  8 goblins
  2 hobgoblins (D:1)
  5 jackals
  4 quokkas (D:2)
  4 frilled lizards
  4 kobolds
  4 rats
48 creatures vanquished.

Notes
Turn   | Place    | Note
-------+----------+-------------------------------------------
     0 | D:1      | Chaoticas the Vampire Necromancer began the quest for the
                  | Orb.
     0 | D:1      | Reached XP level 1. HP: 13/13 MP: 3/3
   608 | D:1      | Reached XP level 2. HP: 15/15 MP: 5/5
  1138 | D:1      | Reached skill level 5 in Necromancy
  1537 | D:2      | Reached XP level 3. HP: 19/19 MP: 3/6
  2648 | D:3      | Found a hide-covered altar of Uskayaw.
  2699 | D:3      | Reached XP level 4. HP: 20/24 MP: 0/8
  3102 | D:3      | Learned a level 4 spell: Animate Dead
  3106 | D:3      | Learned a level 3 spell: Regeneration
  3245 | D:3      | Found a bloodstained altar of Trog.
  3251 | D:3      | Reached skill level 6 in Necromancy
  3289 | D:3      | Noticed an ogre
  3306 | D:3      | Demolished by an ogre

Levels and vault maps discovered:
D:1:      dpeg_arrival_circle_labyrinth_b, layout_basic
D:2:      layout_basic, first_ration, grunt_decor_one_mirror, chequers_big_river
D:3:      layout_basic, xom_teletrap_fun, overflow_temple_1_default,
          eat_drink_and_be_merry_uskayaw, lemuel_round_altar, tso_metal_star,
          uniq_sigmund

Skill      XL: |  1  2  3  4 |
---------------+-------------+-----
Necromancy     | 5 6 |  6.0
Spellcasting   | 3 |  3.0
Dodging        | |  2.1
Stealth        | |  3.0

Action                   |  1- 3 |  4- 6 || total
-------------------------+-------+-------++-------
Melee: Dagger            |    69 |    31 ||   100
       Unarmed           |     6 |       ||     6
       Bite              |     6 |     1 ||     7
 Cast: Pain              |    38 |    12 ||    50
       Animate Dead      |       |     1 ||     1
 Abil: Exsanguinate      |     1 |     1 ||     2
       Revivify          |       |     1 ||     1
  Use: Scroll            |       |     7 ||     7
 Stab: Sleeping          |     9 |     2 ||    11
       Distracted        |       |     1 ||     1
Armor: Robe              |    15 |     3 ||    18
Dodge: Dodged            |    51 |    23 ||    74
